 Dungeon Crawl Stone Soup version 0.27-a0-1105-g946c659c87 (webtiles) character file.

Game seed: 5114377177917685157

194 sanka the Magician (level 5, -2/40 HPs)
             Began as a Djinni Wanderer on Apr 29, 2021.
             Engulfed by a cloud of flame (5 damage)
             ... on level 4 of the Dungeon.
             The game lasted 00:04:48 (4434 turns).

sanka the Magician (Djinni Wanderer)                Turns: 4434, Time: 00:04:48

Health: -2/40      AC:  5    Str: 12    XL:     5   Next: 73%
Gold:   81         EV: 12    Int: 16    God:
                   SH:  0    Dex: 10

rFire    + + .     SeeInvis .   h - +1 short sword (venom)
rCold    x . .     Faith    .   (no shield)
rNeg     . . .     Spirit   .   c - +0 robe
rPois    ∞         Reflect  .   (no helmet)
rElec    .         Harm     .   e - +2 cloak
rCorr    .         Rampage  .   (no gloves)
Will     .....                  (boots unavailable)
Stlth    +.........             (no amulet)
HPRegen  0.13/turn              (no ring)
MPRegen  0.00/turn              (no ring)

@: flying
A: fire resistance 2, cold vulnerability 1, float, innate caster, hp casting,
extra vitality 1
a: no special abilities


You were on level 4 of the Dungeon.
You visited 1 branch of the dungeon, and saw 4 of its levels.

You collected 81 gold pieces.


Innate Abilities, Weirdness & Mutations

You are immune to poison.
Your flesh is very heat resistant. (rF++)
You are vulnerable to cold. (rC-)
You float through the air rather than walking.
You learn spells naturally, not from books.
Your magical power is your life essence.
You have superior vitality. (+4 HP)


   Skills:
 + Level 2.8 Fighting
 + Level 3.1 Dodging
 - Level 1.0 Shields
 + Level 7.7 Spellcasting
 - Level 1.0 Evocations


You had 3 spell levels left.
You knew the following spells:

 Your Spells              Type           Power      Damage    Failure   Level
b - Blink                 Tloc           N/A        N/A       1%          2
c - Slow                  Hex            31%        N/A       1%          2
x - Call Imp              Summ           31%        N/A       1%          2
y - Freeze                Ice            100%       1d11      1%          1
z - Magic Dart            Conj           100%       1d8       1%          1
C - Mephitic Cloud        Conj/Pois/Air  31%        N/A       1%          3
N - Passwall              Tmut/Erth      25%        N/A       1%          2
Z - Conjure Flame         Conj/Fire      31%        6-21      1%          3
Your spell library was empty.

Inventory:

Hand Weapons
 h - a +1 short sword of venom (weapon)
Armour
 c - a +0 robe (worn)
 e - a +2 cloak (worn)
Wands
 a - a wand of iceblast (18)
Scrolls
 d - 5 scrolls of identify {unknown}
 f - a scroll of enchant armour {unknown}
 j - 3 scrolls of teleportation {unknown}
 l - a scroll of amnesia {unknown}
Potions
 b - 3 potions of curing {@q1}
 g - a potion of might {unknown}
 i - 2 potions of haste {unknown}
 k - a potion of resistance {unknown}
 m - 2 potions of flight {unknown}

Dungeon Overview and Level Annotations

Branches:
Dungeon (4/15)
 Temple: D:4-7

Altars:
Xom

Shops:
D:3 ?

Annotations:
D:4 Menkaure

.........▒.....▒.▒........▒.▒▒
...▒▒▒▒..▒.#.<▒▒▒[....)...▒.▒▒
...▒▒..▒▒ ▒▒............
...▒▒.▒▒ ▒▒:).........
....▒▒..▒▒ ▒▒.......▒▒.▒▒
▒▒▒M▒▒5▒.▒▒▒....[...▒▒.▒▒
.▒▒.M..▒.▒.......▒▒...
▒▒▒.▒.▒▒▒▒▒▒▒▒▒▒▒▒▒▒ ▒R▒.....▒
▒▒▒▒▒ ▒.▒.....▒ ▒...▒▒▒▒
▒.......▒ ▒.▒..... ▒▒......▒
▒...▒▒▒▒ ▒......▒ ▒▒.▒▒
▒.▒▒.▒.▒▒▒▒.▒ ▒.▒▒........▒
▒.▒▒▒▒.▒▒▒▒▒▒ ▒......▒


You could see Menkaure (fast, ally target) and a friendly crimson imp
(summoned).


Message History

Your crimson imp hits Menkaure.
A beastly little devil appears in a puff of flame.
Okay, then.
Your crimson imp hits Menkaure but does no damage.
Your crimson imp closely misses Menkaure.
Okay, then.
Menkaure calls on the powers of darkness!
Your body is wracked with pain!
* * * LOW HITPOINT WARNING * * *
A beastly little devil appears in a puff of frigid air.
* * * LOW HITPOINT WARNING * * *
Unknown command.
Your white imp barely misses Menkaure.
Menkaure calls on the powers of darkness!
Your body is wracked with pain!
* * * LOW HITPOINT WARNING * * *
A beastly little devil appears in a puff of flame.
* * * LOW HITPOINT WARNING * * *
Menkaure hits your white imp!
Your white imp dies!
Menkaure hits your crimson imp!
Your crimson imp dies!
The fire begins to smolder!
* * * LOW HITPOINT WARNING * * *
Menkaure's ankle releases a plume of dust as he confides, "I'm not really a mummy, you know."
The fire ignites!
* * * LOW HITPOINT WARNING * * *
You are engulfed in blazing flames.
You resist.
You die...

Action                   |  1- 3 |  4- 6 || total
-------------------------+-------+-------++-------
Melee: Short sword       |       |     2 ||     2
 Cast: Magic Dart        |    68 |    70 ||   138
       Freeze            |       |     4 ||     4
       Call Imp          |       |     5 ||     5
       Conjure Flame     |       |     2 ||     2
Armor: Robe              |     2 |     6 ||     8
Dodge: Dodged            |     1 |     8 ||     9

Levels and vault maps discovered:
D:1:      onia_arrival_zoo_common, layout_basic, serial_glass, glass_columns_b,
          glass_columns_b, hellmonk_ecumenical_altar_inner_sanctum
D:2:      layout_loops_ring, st_stairs_6, kennysheep_pointless_box
D:3:      layout_basic, overflow_temple_1_default, serial_shops, shop,
          hangedman_glass_teeth, roderic_batcave, kennysheep_generic_room_3
D:4:      layout_loops_cross, grunt_temple_overflow_open,
          uniq_crazy_yiuf_cottage, uniq_grinder, uniq_menkaure

Notes
Turn   | Place    | Note
-------+----------+-------------------------------------------
     0 | D:1      | sanka the Djinni Wanderer began the quest for the Orb.
     0 | D:1      | Reached XP level 1. HP: 15/15 MP: 0/0
     6 | D:1      | Noticed an anaconda
     6 | D:1      | Noticed an eight-headed hydra
     7 | D:1      | Noticed a redback
     7 | D:1      | Noticed a black bear
   287 | D:1      | Reached XP level 2. HP: 19/22 MP: 0/0
   326 | D:1      | Reached skill level 1 in Dodging
   620 | D:1      | Reached skill level 1 in Fighting
   663 | D:1      | Found a faded altar of an unknown god.
   968 | D:1      | Reached XP level 3. HP: 24/27 MP: 0/0
   968 | D:1      | Learned a level 1 spell: Freeze
  2085 | D:2      | Reached skill level 2 in Dodging
  2085 | D:2      | Reached XP level 4. HP: 30/33 MP: 0/0
  2502 | D:3      | Reached skill level 2 in Fighting
  2507 | D:3      | Reached XP level 5. HP: 16/39 MP: 0/0
  2507 | D:3      | Learned a level 2 spell: Passwall
  3234 | D:3      | Found Iru Moxeoli's Magic Scroll Emporium.
  3373 | D:3      | Found a shimmering altar of Xom.
  3873 | D:4      | Reached skill level 3 in Dodging
  4262 | D:4      | Noticed Menkaure
  4434 | D:4      | Engulfed by a cloud of flame

Vanquished Creatures
  An orc priest (D:3)
  An orc wizard (D:3)
  An iguana (D:4)
  3 adders
  A worm (D:2)
  7 orcs
  10 bats
  7 endoplasms
  3 giant cockroaches
  9 hobgoblins
  4 quokkas
  5 ball pythons
  2 frilled lizards
  8 goblins
  2 kobolds (D:1)
  6 rats
70 creatures vanquished.

Vanquished Creatures (others)
  An orc (D:4)
1 creature vanquished.

Grand Total: 71 creatures vanquished
